 Dungeon Crawl Stone Soup version 0.14-a0-1097-gc7db7fc (webtiles) character file.

3778 4tharraofdagon the Cleaver (level 9, 5/76 HPs)
             Began as a Djinni Fighter on Nov 27, 2013.
             Was a Believer of the Shining One.
             Quit the game on Level 10 of the Dungeon.
             The game lasted 00:26:00 (3923 turns).

4tharraofdagon the Cleaver (Djinni Fighter)         Turns: 3923, Time: 00:26:00

HP   5/76        AC 13     Str 22      XL: 9   Next: 89%
MP   0/0         EV  6     Int  9      God: the Shining One [**....]
Gold 117         SH 16     Dex 13      Spells:  0 memorised,  8 levels left

rFire  + + +     SeeInvis .     p - +3,+2 battleaxe
rCold  x . .     Clarity  .     n - +0 plate armour
rNeg   + + +     Conserve .     (no shield)
rPois  .         rCorr    .     (no helmet)
rElec  .         rRot     .     (no cloak)
SustAb . .       Spirit   .     (no gloves)
rMut   .         Warding  .     (boots unavailable)
Saprov . . .     Stasis   .     (no amulet)
                                (no ring)
                                m - +3 ring of strength

@: flying, glowing, slightly resistant to hostile enchantments, extremely
unstealthy
A: fire immunity, cold vulnerability, life protection 3
a: Divine Shield, Renounce Religion


You were on level 10 of the Dungeon.
You worshipped the Shining One. the Shining One was pleased with you.
You were not hungry.

You visited 1 branch of the dungeon, and saw 11 of its levels.

You collected 201 gold pieces.
You spent 84 gold pieces at shops.

Inventory:

Hand weapons
 a - a +0,+0 hand axe
 p - a +3,+2 battleaxe (weapon)
Missiles
 d - a throwing net (quivered)
Armour
 b - a +0 scale mail
 c - a +0 shield
 f - a +0 plate armour
 j - a +0 chain mail
 n - a +0 plate armour (worn)
Magical devices
 g - a wand of slowing (5)
Scrolls
 e - a scroll of curse armour
 i - a scroll of magic mapping
 l - 2 scrolls of curse weapon
 q - 2 scrolls of recharging
Jewellery
 m - a +3 ring of strength (left hand)
Potions
 h - a potion of confusion


   Skills:
 + Level 6.5 Fighting
 * Level 9.0 Axes
 + Level 8.2 Armour
 - Level 3.0 Shields
 + Level 4.0 Invocations


You had 8 spell levels left.
You didn't know any spells.

Dungeon Overview and Level Annotations

Branches:
Dungeon (11/16)            Temple (0/1) D:6             Orc (0/4) D:10
   Lair: D:8-11

Altars:
Ashenzari
Fedhas
Makhleb
Sif Muna
Yredelemnul
Zin
the Shining One
Beogh

Shops:
D:7 %?

Annotations:
D:10 Josephine
D:11 Fannar


Innate Abilities, Weirdness & Mutations

You are immune to all types of fire, even holy and hellish.
You are vulnerable to cold.
You need no food.
You have no legs.
You are immune to negative energy.


Message History

Unknown command.
Unknown command.
Unknown command.
Unknown command.
Unknown command.
Unknown command.
Unknown command.
Unknown command.
Unknown command.
Unknown command.
Unknown command.
Unknown command.
Unknown command.
Unknown command.
Unknown command.
Unknown command.
Unknown command.
Unknown command.
Unknown command.
Are you sure you want to abandon this character and quit the game? (Confirm with "yes".)

#...........#
#.########..#
#.# #..# #.#
#..# #.#
#..## #.#
#.[.. #.#
#.###
######.# #.#


#%@booo# ..# #o####.# .#.# #oo #... ..#. #oo #'### ## .. #.. ... #. #.. ... . #
######..o. . #......... #......... You could see an orc warrior, an orc wizard,
6 orcs and a bat.

Vanquished Creatures
  Erolcha (D:9)
  An unseen horror (D:9)
  A merfolk (D:9)
  Grum (D:10)
  3 wolves
  A hippogriff (D:9)
  An orc warrior (D:10)
  2 sky beasts
  2 ogres (D:9)
  2 centaurs
  4 giant frogs
  A big kobold (D:9)
  A water moccasin (D:8)
  A wyvern skeleton (D:8)
  2 wights (D:10)
  A jelly (D:9)
  A crimson imp (D:9)
  A soldier ant zombie (D:10)
  3 hounds
  6 orc wizards
  4 big fish (D:9)
  An iguana (D:10)
  A scorpion (D:9)
  2 worker ants (D:7)
  Ijyb (D:6)
  A hound zombie (D:6)
  A worker ant zombie (D:8)
  5 adders
  A giant eyeball (D:9)
  A giant gecko (D:9)
  2 oozes
  11 orcs
  A ball python (D:2)
  7 bats
  3 giant cockroaches
  9 hobgoblins
  8 jackals
  3 quokkas
  A giant gecko zombie (D:6)
  4 giant newts
  2 goblins
  11 kobolds
  A quokka zombie (D:9)
  5 rats
122 creatures vanquished.

Vanquished Creatures (others)
  An orc wizard (D:6)
  2 fungi (D:10)
3 creatures vanquished.

Grand Total: 125 creatures vanquished

Notes
Turn   | Place    | Note
--------------------------------------------------------------
     0 | D:1      | 4tharraofdagon, the Djinni Fighter, began the quest for the Orb.
     0 | D:1      | Reached XP level 1. HP: 16/16 MP: 0/0
   205 | D:1      | Ladykiller69: because y'know
   218 | D:1      | Ladykiller69: hes bloax
   228 | D:2      | Reached XP level 2. EP: 19/22
   269 | D:2      | Found a glowing golden altar of the Shining One.
   275 | D:2      | Became a worshipper of the Shining One
   305 | D:2      | Found a shattered altar of Ashenzari.
   311 | D:2      | Ladykiller69: uh
   345 | D:3      | Ladykiller69: why TSO!?
   512 | D:4      | Ladykiller69: you dont need his stuff
   529 | D:5      | Entered Level 5 of the Dungeon
   582 | D:5      | Reached XP level 3. EP: 29/29
   584 | D:5      | Found a glowing silver altar of Zin.
   584 | D:5      | Noticed an angel
   692 | D:6      | Found a staircase to the Ecumenical Temple.
   711 | D:6      | Noticed Ijyb
   749 | D:6      | Killed Ijyb
   774 | D:6      | Reached skill level 4 in Armour
   774 | D:6      | Reached XP level 4. EP: 30/35
   826 | D:6      | Noticed a giant frog
   845 | D:6      | Killed a giant frog
   845 | D:6      | Reached XP level 5. EP: 17/41
   882 | D:6      | Found a burning altar of Makhleb.
   922 | D:6      | Paralysed by a potion of paralysis for 2 turns
   936 | D:6      | HP: 2/41 [orc wizard/orcish dagger (2)]
   942 | D:6      | HP: 1/41 [orc/orcish falchion (1)]
  1119 | D:6      | Noticed an orc warrior
  1150 | D:6      | matheod: good luck :p
  1214 | D:7      | Acquired the Shining One's first power
  1287 | D:8      | Noticed an ice beast
  1306 | D:7      | Found Oniupruf's Food Shoppe.
  1328 | D:7      | Ladykiller69: and will you abandon TSO once you have a divine blessed broad axe for a neutral god?
  1434 | D:7      | Found Ihous' Magic Scroll Shop.
  1446 | D:7      | Bought a scroll of identify for 24 gold pieces
  1446 | D:7      | Bought a scroll of teleportation for 36 gold pieces
  1446 | D:7      | Bought a scroll of identify for 24 gold pieces
  1473 | D:7      | Reached XP level 6. EP: 48/48
  1598 | D:8      | Noticed an orc warrior
  1668 | D:8      | Noticed an ice beast
  1703 | D:9      | Noticed a hippogriff
  1722 | D:9      | Killed a hippogriff
  1722 | D:9      | Reached skill level 5 in Armour
  1722 | D:9      | Reached skill level 5 in Axes
  1833 | D:9      | Paralysed by a giant eyeball for 2 turns
  1841 | D:9      | 4tharraofdagon: i want to try
  1841 | D:9      | 4tharraofdagon: geh dive
  1903 | D:9      | Ladykiller69: why not the undeath-hell as well?
  1926 | D:9      | Found a blossoming altar of Fedhas.
  1931 | D:9      | Found a glowing golden altar of the Shining One.
  1936 | D:9      | Found a basalt altar of Yredelemnul.
  1972 | D:10     | Entered Level 10 of the Dungeon
  2005 | D:9      | Reached XP level 7. EP: 41/54
  2035 | D:10     | Noticed a hill giant skeleton
  2043 | D:9      | Noticed a merfolk
  2449 | D:9      | Found a deep blue altar of Sif Muna.
  2482 | D:10     | Noticed a necrophage
  2570 | D:10     | Noticed a troll
  2580 | D:10     | Reached skill level 6 in Axes
  2612 | D:11     | Noticed Fannar
  2612 | D:11     | Noticed a yak
  2612 | D:11     | Noticed a cyclops
  2614 | D:11     | Noticed a yak
  2668 | D:10     | Acquired the Shining One's second power
  2692 | D:10     | archaeo: Dj. lady
  2725 | D:10     | archaeo: such immunity
  2816 | D:10     | Ladykiller69: I know
  2820 | D:10     | Ladykiller69: its stupid
  2840 | D:10     | Reached XP level 8. EP: 47/61
  2860 | D:10     | Noticed a troll
  2924 | D:9      | Killed a merfolk
  2924 | D:9      | Reached skill level 5 in Fighting
  3048 | D:9      | Ladykiller69: hm
  3055 | D:9      | Ladykiller69: beinga djinn must rock
  3069 | D:9      | Ladykiller69: you can bathe in lava
  3145 | D:9      | Reached skill level 7 in Axes
  3145 | D:9      | Reached skill level 1 in Invocations
  3172 | D:9      | Ladykiller69: and all the dirt just burns
  3186 | D:10     | Ladykiller69: uh
  3187 | D:10     | Ladykiller69: kill fish for exp?
  3194 | D:10     | Noticed Josephine
  3255 | D:9      | Noticed Erolcha
  3257 | D:9      | Paralysed by it for 7 turns
  3283 | D:9      | Turgon: Ready for a trip?
  3293 | D:9      | Noticed an unseen horror
  3303 | D:9      | Killed an unseen horror
  3303 | D:9      | Reached XP level 9. EP: 39/72
  3326 | D:8      | Reached skill level 8 in Axes
  3535 | D:10     | Found a staircase to the Orcish Mines.
  3535 | D:10     | Noticed Grum
  3535 | D:10     | Noticed a wolf
  3535 | D:10     | Noticed a wolf
  3536 | D:10     | Noticed a wolf
  3551 | D:9      | Killed a wolf
  3555 | D:9      | Killed Erolcha
  3612 | D:9      | Turgon: You don't mind abyss-walking, do you?
  3636 | D:9      | timbw: TSO
  3641 | D:9      | timbw: Oo
  3668 | D:9      | 4tharraofdagon: ye
  3702 | D:9      | timbw: oka not so hard to leave
  3735 | D:9      | Turgon: abyss = experience or dead
  3738 | D:9      | Turgon: The right way for you!
  3748 | D:10     | Killed Grum
  3750 | D:10     | Killed a wolf
  3752 | D:10     | Killed a wolf
  3752 | D:10     | Reached skill level 9 in Axes
  3910 | D:10     | Found a roughly hewn altar of Beogh.
  3923 | D:10     | Ladykiller69: ctrl-q
  3923 | D:10     | Quit the game

Action                   |  1- 3 |  4- 6 |  7- 9 || total
-------------------------+-------+-------+-------++-------
Melee: Hand axe          |   142 |   196 |    92 ||   430
       Battleaxe         |       |       |   119 ||   119
Throw: Throwing net      |     1 |     1 |     1 ||     3
Invok: Divine Shield     |       |       |     3 ||     3
  Use: Potion            |     1 |     1 |     2 ||     4
       Scroll            |       |     1 |    11 ||    12
